Map: Tours du crépuscule

Players

master

  • Race: Protoss Protoss
  • League: Silver
  • Spawn Location: 7:00

zidar - Winner!

  • Race: Zerg Zerg
  • League: Silver
  • Spawn Location: 1:00

VOD

Have the link to the VOD?

Description

Time

  • Played on: Feb. 5, 2016, 2:38 p.m.
  • Length: 21:59
Show
View Real Time Build Order
Export as new Build Order

master Protoss 

Build Orders: Colossus Rush 

Get SALT Encoding   

  12  0:01  Probe (Chrono Boost)  
  13  0:21  Pylon  
  13  0:22  Probe (Chrono Boost)  
  14  0:32  Probe (Chrono Boost)  
  15  0:46  Gateway  
  15  0:47  Probe (Chrono Boost)  
  16  0:53  Assimilator  
  16  0:57  Probe (Chrono Boost)  
  17  1:08  Probe (Chrono Boost)  
  18  1:22  Probe (Chrono Boost)  
  19  1:36  Forge  
  19  1:37  Pylon  
  19  1:45  Nexus  
  19  2:02  Gateway  
  19  2:05  Pylon  
  19  2:09  Probe (Chrono Boost)  
  19  2:12  Assimilator  
  20  2:20  Probe (Chrono Boost)  
  21  2:26  Photon Cannon  
  21  2:30  Probe (Chrono Boost)  
  21  2:34  Photon Cannon  
  22  2:41  Probe (Chrono Boost)  
  23  2:51  Probe (Chrono Boost)  
  23  2:54  Cybernetics Core  
  24  3:00  Zealot  
  24  3:02  Probe (Chrono Boost)  
  27  3:05  Zealot  
  29  3:24  Pylon  
  29  3:29  Warp Gate (Chrono Boost)  
  29  3:35  Robotics Facility  
  29  3:38  Pylon  
  29  3:41  Pylon  
  29  3:42  Probe x2  
  31  3:53  Probe  
  31  3:54  Probe  
  33  4:04  Probe  
  33  4:06  Protoss Ground Weapons Level 1 (Chrono Boost), Probe  
  35  4:16  Probe  
  36  4:18  Probe  
  36  4:20  Twilight Council  
  37  4:25  Observer  
  37  4:28  Stalker x2  
  37  4:30  Probe  
  37  4:31  Probe  
  44  4:38  Assimilator  
  44  4:43  Probe x2  
  46  4:51  Robotics Bay  
  46  4:53  Pylon  
  46  5:03  Immortal  
  50  5:09  Probe x2  
  50  5:10  Assimilator  
  52  5:21  Probe  
  52  5:22  Probe  
  54  5:33  Probe  
  55  5:38  Stalker  
  55  5:39  Stalker  
  59  5:55  Colossus  
  65  6:17  Zealot x2  
  69  6:23  Gateway  
  69  6:25  Gateway  
  69  6:28  Gateway  
  69  6:31  Gateway  
  69  6:32  Pylon  
  69  6:36  Photon Cannon  
  69  6:45  Pylon  
  69  6:49  Colossus  
  75  7:02  Charge (Chrono Boost)  
  75  7:05  Protoss Shields Level 1  
  74  7:23  Zealot x4  
  82  7:36  Photon Cannon  
  82  7:37  Photon Cannon  
  82  7:42  Colossus (Chrono Boost), Photon Cannon  
  82  7:43  Photon Cannon  
  88  7:46  Photon Cannon  
  88  8:13  Pylon x2  
  88  8:17  Nexus  
  88  8:18  Pylon  
  88  8:19  Pylon  
  88  8:22  Zealot x6  
  100  8:31  Blink (Chrono Boost)  
  100  8:36  Colossus (Chrono Boost)  
  106  8:45  Dark Shrine, Protoss Ground Armor Level 1  
  106  8:48  Extended Thermal Lance (Chrono Boost)  
  106  9:03  Photon Cannon  
  106  9:06  Photon Cannon  
  106  9:10  Photon Cannon  
  106  9:14  Photon Cannon  
  106  9:25  Sentry  
  106  9:26  Sentry x2  
  112  9:35  Stalker x3  
  118  9:51  Observer  
  119  9:53  Stalker  
  119  9:54  Stalker  
  119  9:55  Stalker  
  125  10:11  Stalker  
  125  10:12  Observer, Stalker x2  
  132  10:21  Dark Templar x3  
  138  10:39  Assimilator  
  138  10:43  Assimilator  
  138  10:49  Robotics Facility  
  138  11:02  Stalker x2  
  138  11:03  Stalker  
  144  11:06  Stalker x2  
  148  11:27  Photon Cannon  
  148  11:30  Photon Cannon  
  148  11:43  Pylon  
  148  11:44  Protoss Shields Level 2  
  148  11:46  Pylon  
  148  11:55  Pylon  
  148  11:58  Pylon  
  148  11:59  Templar Archives  
  148  12:04  Dark Templar x3  
  148  12:06  Zealot x2  
  148  12:07  Pylon  
  148  12:08  Zealot  
  160  12:15  Warp Prism  
  160  12:18  Probe  
  163  12:29  Probe  
  164  12:39  Probe  
  165  12:50  Probe  
  166  13:19  Photon Cannon  
  166  13:21  Photon Cannon  
  166  13:23  Photon Cannon  
  166  13:27  Probe  
  166  13:28  Photon Cannon  
  167  13:44  Stalker x2  
  171  14:01  Nexus  
  171  14:05  Pylon  
  171  14:06  Pylon  
  171  14:20  Colossus x2  
  183  14:27  High Templar x4  
  191  14:49  Dark Templar  
  191  14:50  Dark Templar  
  195  15:00  Dark Templar x2  
  175  15:35  Dark Templar x3  
  151  15:36  Dark Templar x3  
  123  16:20  Stalker x5  
  123  16:21  Stalker  
  59  16:57  Zealot x5  
  59  16:59  Archon  
  59  17:00  Archon  
  69  17:22  Dark Templar x5  
  59  17:23  Dark Templar  
  38  17:58  Dark Templar x4  
  46  18:20  Probe  
  47  18:31  Probe  
  48  18:42  Probe  
  49  18:52  Probe  
  41  19:03  Probe  
  30  19:57  Probe  
  30  19:58  Pylon  
  31  20:00  Pylon  
  31  20:03  Forge  
  31  20:14  Probe  
  32  20:23  Pylon  
  32  20:25  Probe  
  33  20:35  Probe  
  34  20:45  Photon Cannon  
  34  20:46  Probe  
  34  20:47  Photon Cannon  
  34  20:49  Photon Cannon  
  35  20:51  Photon Cannon  
  35  20:55  Photon Cannon  
  35  20:57  Photon Cannon  
  35  20:59  Photon Cannon  
  35  21:02  Photon Cannon  
  35  21:20  Probe  
  36  21:29  Gateway  
  36  21:30  Probe  
  36  21:32  Gateway  
  26  21:49  Pylon  
Show
View Real Time Build Order
Export as new Build Order

zidar Zerg - Winner!

Build Orders: Pool First, Lurkers 

Get SALT Encoding   

  12  0:02  Drone  
  13  0:12  Overlord  
  13  0:17  Drone  
  14  0:30  Drone  
  14  0:31  Drone  
  14  0:35  Drone  
  17  0:51  Spawning Pool  
  17  0:52  Drone  
  17  1:15  Hatchery  
  17  1:16  Drone  
  17  1:20  Extractor  
  16  1:27  Drone  
  16  1:30  Drone  
  16  1:32  Overlord  
  18  2:00  Hatchery  
  16  2:07  Queen  
  18  2:16  Roach Warren  
  18  2:23  Roach Warren  
  17  2:30  Drone x3  
  20  2:42  Queen  
  22  2:52  Zergling x4  
  24  3:06  Drone x4  
  28  3:18  Queen  
  30  3:29  Extractor  
  30  3:31  Drone x3  
  32  3:34  Drone  
  33  3:43  Lair  
  33  4:05  Drone  
  33  4:06  Drone x7  
  41  4:11  Extractor  
  41  4:13  Extractor  
  39  4:21  Extractor  
  39  4:23  Extractor  
  37  4:33  Evolution Chamber  
  37  4:36  Evolution Chamber  
  35  4:40  Overseer  
  35  4:43  Roach  
  35  4:44  Roach x2  
  41  4:47  Overlord x2  
  41  4:48  Pneumatized Carapace  
  41  5:08  Hydralisk Den  
  41  5:10  Roach x4  
  48  5:24  Drone x3  
  48  5:25  Drone x3  
  54  5:59  Overlord  
  54  6:01  Overlord x3  
  54  6:13  Zerg Ground Armor Level 1  
  54  6:15  Zerg Melee Weapons Level 1  
  54  6:22  Ravager  
  55  6:34  Drone x5  
  60  6:40  Metabolic Boost  
  60  6:44  Roach  
  60  6:45  Roach x3  
  68  7:03  Lurker Den  
  68  7:09  Hydralisk  
  68  7:10  Hydralisk x2  
  74  7:19  Drone x3  
  74  7:21  Drone  
  78  7:23  Drone  
  78  7:25  Drone  
  78  7:29  Drone  
  81  7:30  Drone  
  82  8:01  Overlord x4  
  81  8:19  Drone x8  
  89  8:22  Drone x8  
  97  8:50  Drone  
  97  8:53  Hatchery  
  97  8:54  Overlord x3  
  97  8:56  Hydralisk x5  
  97  9:02  Zerg Ground Armor Level 2  
  107  9:42  Zerg Melee Weapons Level 2  
  107  9:50  Infestation Pit  
  106  9:54  Roach x7, Hydralisk  
  106  9:55  Hydralisk x7  
  136  10:00  Lurker  
  136  10:05  Overlord x6  
  137  10:31  Lurker  
  137  10:32  Lurker x2  
  137  10:33  Lurker  
  141  10:47  Hive  
  141  11:50  Hatchery  
  140  11:58  Spire  
  139  12:04  Ultralisk Cavern  
  139  12:08  Zerg Ground Armor Level 3  
  138  12:10  Zerg Melee Weapons Level 3  
  138  12:11  Adrenal Glands  
  138  12:14  Zergling x8  
  138  12:15  Zergling x6  
  145  12:17  Zergling x2  
  145  12:18  Zergling x6  
  145  12:19  Zergling x2  
  145  12:20  Zergling x2  
  151  12:45  Overlord x3  
  151  12:53  Overseer  
  151  13:00  Ultralisk x2  
  151  13:01  Ultralisk x3  
  151  13:02  Ultralisk  
  187  13:06  Chitinous Plating  
  187  13:40  Ultralisk x2  
  199  14:46  Zerg Missile Weapons Level 1  
  93  15:49  Mutalisk x2, Ultralisk x2  
  97  15:50  Mutalisk  
  97  15:52  Ultralisk x3  
  97  15:53  Ultralisk x3  
  97  15:54  Ultralisk x3  
  97  15:55  Ultralisk x2, Hydralisk  
  97  15:56  Ultralisk, Hydralisk x4  
  171  16:59  Zergling x2  
  171  17:00  Zergling x24  
  184  17:10  Overlord x2  
  184  17:11  Overlord x2  
  149  17:58  Mutalisk  
  149  17:59  Mutalisk x18  
  185  18:29  Spawning Pool  
  160  19:24  Hatchery  
  154  19:47  Hatchery  
  147  21:11  Extractor  
  146  21:26  Extractor  
Tags
 
Composition
Lurkers
Matchup
PvZ
Opening
Pool First
Spawn Locations
Cross Positions
Add a new tag
Caveats
  • Supply blocks, unpowered buildings, or Contaminate may cause inaccurate times.
  • Supply counts are checked every 10 seconds.